 Dungeon Crawl Stone Soup version 0.31-a0-152-g6aa68a64a1 (webtiles) character file.

Game seed: 2322065641715173348

422 qw the Chopper (level 6, -5/38 HPs)
             Began as a Gargoyle Fighter on June 11, 2023.
             Slain by Prince Ribbit (6 damage)
             ... on level 5 of the Dungeon.
             The game lasted 00:01:19 (2558 turns).

qw the Chopper (Gargoyle Fighter)                   Turns: 2558, Time: 00:01:20

Health: -5/38      AC: 14    Str: 21    XL:     6   Next: 95%
Magic:  6/6        EV: 10    Int:  9    God:
Gold:   143        SH:  4    Dex:  9    Spells: 5/5 levels left

rFire   . . .        Y - +0 war axe
rCold   . . .        c - +0 buckler
rNeg    + . .        b - +0 scale mail
rPois   inf          (no helmet)
rElec   +            f - +2 cloak
rCorr   .            (no gloves)
SInv    .            (no boots)
Will    .....        i - amulet of faith Stlth
                     (no ring)
HPRegen 0.26/turn    (no ring)
MPRegen 0.10/turn

%: faith
@: about to teleport
A: sickness immunity, AC +4, negative energy resistance 1, electricity
resistance, torment resistance 1, petrification resistance
a: no special abilities


You were on level 5 of the Dungeon.
You visited 1 branch of the dungeon, and saw 5 of its levels.

You collected 182 gold pieces.
You spent 39 gold pieces at shops.


Innate Abilities, Weirdness & Mutations

You are immune to sickness and miasma.
Your stone body is resilient. (AC +4)
You are immune to poison.
You resist negative energy. (rN+)
You are resistant to electric shocks. (rElec)
You are resistant to unholy torment.
You are immune to petrification.


   Skills:
 - Level 4.1 Fighting
 + Level 5.6 Axes
 - Level 3.2 Armour
 - Level 2.0 Dodging
 - Level 3.2 Shields


You had 5 spell levels left.
You didn't know any spells.
Your spell library was empty.

Inventory:

Hand Weapons
 k - a +3 whip
 Y - a +0 war axe (weapon)
Missiles
 g - 2 boomerangs (quivered)
Armour
 b - a +0 scale mail (worn)
 c - a +0 buckler (worn)
 f - a +2 cloak (worn)
Jewellery
 i - an amulet of faith (around neck)
Scrolls
 m - a scroll of teleportation
Potions
 a - a potion of cancellation
 d - 2 potions of might
 e - a potion of heal wounds {unknown}
 h - a potion of invisibility {unknown}
 j - 3 potions of curing
 n - a potion of mutation {unknown}

Dungeon Overview and Level Annotations

Branches:
Dungeon (6/15)
 Temple: D:4-7

Altars:

Shops:
D:1 *

Annotations:
D:5 Prince Ribbit


Message History

You barely miss the orc. The scorpion closely misses you.
The orc barely misses you. The scorpion closely misses you.
The orc closely misses you.
You slash the scorpion!
You kill the scorpion!
You closely miss the orc. You block the orc's attack.
You barely miss the orc. The orc barely misses you.
You slash the orc!
You kill the orc!
You start resting.
HP restored.
g - 2 boomerangs
Items here: % )) [.
Found a leather armour.
Prince Ribbit comes into view.
Prince Ribbit croaks.
You see here a +0 leather armour.
You throw a boomerang. The boomerang hits Prince Ribbit!
Prince Ribbit is lightly wounded.
You throw a boomerang.
The boomerang barely misses Prince Ribbit.
You miss Prince Ribbit.
Prince Ribbit is lightly wounded.
Prince Ribbit hits you!
Prince Ribbit croaks regally.
Prince Ribbit hits you!
You miss Prince Ribbit.
Prince Ribbit is lightly wounded.
Prince Ribbit hits you but does no damage.
Prince Ribbit hits you!
2557 ||| READING 2 scrolls of teleportation.
As you read the scroll of teleportation, it crumbles to dust.
You feel strangely unstable. Prince Ribbit hits you.
You closely miss Prince Ribbit.
Prince Ribbit is lightly wounded.
Prince Ribbit hits you.
You die...

#.)# #.#
.#####..###.#
............#
######..#####
#..# #..#
#..#
#######..#
#.@......#
#F#####.## #.
#.# #. #.# #.
#.# #. #.# ..
#.# .. ..#


You could see Prince Ribbit.

Vanquished Creatures
  An ogre (D:6)
  A bullfrog (D:6)
  2 scorpions
  2 hounds
  4 adders
  A worm (D:3)
  4 orcs
  4 ball pythons
  5 endoplasms
  A giant cockroach (D:2)
  3 goblins
  10 hobgoblins
  4 jackals (D:3)
  3 quokkas
  2 bats (D:1)
  A frilled lizard (D:1)
  5 kobolds
  13 rats
66 creatures vanquished.

Notes
Turn   | Place    | Note
-------+----------+-------------------------------------------
     0 | D:1      | qw the Gargoyle Fighter began the quest for the Orb.
     0 | D:1      | Reached XP level 1. HP: 14/14 MP: 1/1
     0 | D:1      | 0 ||| qw: Version: 0.2-a-29-g7dc7884
     0 | D:1      | 0 ||| qw: Game counter: 4036
     0 | D:1      | 0 ||| qw: Always use a shield: true
     0 | D:1      | 0 ||| qw: God list: Okawaru
     0 | D:1      | 0 ||| qw: Allow faded altars: false
     0 | D:1      | 0 ||| qw: Do Orc after D:15 true
     0 | D:1      | 0 ||| qw: Do second Lair branch before Depths: true
     0 | D:1      | 0 ||| qw: Lair rune preference: random
     0 | D:1      | 0 ||| qw: Plans: Normal, Zot:1-4, Slime:5, God:TSO, Crypt,
                  | Tomb, Abyss, Pan, Hells, Win
     0 | D:1      | 0 ||| PLANNING D:1-11
    69 | D:1      | Reached skill level 2 in Axes
   167 | D:1      | Reached XP level 2. HP: 14/19 MP: 2/2
   357 | D:1      | 357 ||| Stepping ~*~*~tactically~*~*~ (stealth).
   358 | D:1      | 358 ||| Stepping ~*~*~tactically~*~*~ (stealth).
   359 | D:1      | 359 ||| Stepping ~*~*~tactically~*~*~ (stealth).
   450 | D:1      | Reached skill level 3 in Axes
   564 | D:1      | Reached XP level 3. HP: 23/23 MP: 3/3
   567 | D:1      | Found Vap Zofu's General Store.
   637 | D:1      | 637 ||| SHOPLISTING +1 shadow dragon scales (1131 gold,
                  | have 91).
   637 | D:1      | 637 ||| BUYING scroll of teleportation (39 gold).
   637 | D:1      | Bought a scroll of teleportation for 39 gold pieces
   805 | D:1      | 805 ||| READING scroll labelled KOERIS XUPHAU.
   823 | D:1      | 823 ||| READING scroll labelled XOOPPE GICVU.
   824 | D:1      | 824 ||| READING scroll labelled FEICAYGRA ORAXT.
   825 | D:1      | 825 ||| READING scroll labelled TUNATH MOPRO.
   826 | D:1      | 826 ||| DRINKING 2 sapphire potions.
   827 | D:1      | 827 ||| DRINKING 2 fizzy cyan potions.
   828 | D:1      | 828 ||| DROPPING potion of brilliance.
   938 | D:2      | 938 ||| Stepping ~*~*~tactically~*~*~ (stealth).
   941 | D:2      | 941 ||| Stepping ~*~*~tactically~*~*~ (stealth).
  1019 | D:2      | 1019 ||| Stepping ~*~*~tactically~*~*~ (hiding).
  1020 | D:2      | 1020 ||| Stepping ~*~*~tactically~*~*~ (hiding).
  1023 | D:2      | 1023 ||| Stepping ~*~*~tactically~*~*~ (hiding).
  1024 | D:2      | 1024 ||| Stepping ~*~*~tactically~*~*~ (hiding).
  1227 | D:2      | 1227 ||| Stepping ~*~*~tactically~*~*~ (stealth).
  1228 | D:2      | 1228 ||| Stepping ~*~*~tactically~*~*~ (stealth).
  1754 | D:2      | 1754 ||| READING 3 scrolls labelled NONIXY YSYROD.
  1755 | D:2      | 1755 ||| DRINKING 2 inky potions.
  1756 | D:2      | 1756 ||| DROPPING 2 scrolls of magic mapping.
  1852 | D:3      | 1852 ||| Stepping ~*~*~tactically~*~*~ (stealth).
  1883 | D:3      | Reached skill level 4 in Axes
  1883 | D:3      | Reached XP level 4. HP: 28/28 MP: 4/4
  1966 | D:3      | 1966 ||| DROPPING +0 club.
  2183 | D:3      | Reached XP level 5. HP: 28/32 MP: 5/5
  2233 | D:3      | You fall into a shaft and drop 3 floors!
  2243 | D:6      | Reached skill level 5 in Axes
  2274 | D:6      | Reached XP level 6. HP: 35/38 MP: 6/6
  2324 | D:6      | 2324 ||| Stepping ~*~*~tactically~*~*~ (stealth).
  2460 | D:6      | 2460 ||| UPGRADING to +0 cloak.
  2465 | D:6      | 2465 ||| READING 2 scrolls of enchant armour.
  2465 | D:6      | 2465 ||| ENCHANTING +0 cloak.
  2466 | D:6      | 2466 ||| READING scroll of enchant armour.
  2466 | D:6      | 2466 ||| ENCHANTING +1 cloak.
  2467 | D:6      | 2467 ||| UPGRADING to amulet of faith.
  2477 | D:5      | Entered Level 5 of the Dungeon
  2552 | D:5      | Noticed Prince Ribbit
  2556 | D:5      | HP: 4/38 [Prince Ribbit (12)]
  2557 | D:5      | 2557 ||| READING 2 scrolls of teleportation.
  2557 | D:5      | HP: 1/38 [Prince Ribbit (3)]
  2558 | D:5      | Slain by Prince Ribbit

Levels and vault maps discovered:
D:1:      dpeg_arrival_radiant, layout_loops_cross, serial_shops,
          nicolae_shop_peninsula, serial_park_tiny_pond, chequers_garden
D:2:      layout_basic
D:3:      layout_basic
D:5:      layout_loops_ring, mrwooster_statue_mirror, uniq_prince_ribbit1,
          uniq_duvessa
D:6:      layout_cave_pools, serial_shops, nicolae_shop_window_shopping,
          minmay_misc_feat_nine_boxes, grunt_ministairs_14,
          corexii_corridor_pit, minmay_misc_feat_secret_circle,
          minmay_misc_feat_iff

Skill      XL: |  1  2  3  4  5  6 |
---------------+-------------------+-----
Axes           | 2 3 4 5 |  5.6
Fighting       | 4 |  4.1
Dodging        | 2 |  2.0
Armour         | |  3.2
Shields        | |  3.2

Action                     |  1- 3 |  4- 6 || total
---------------------------+-------+-------++-------
  Melee: War axe           |   133 |    98 ||   231
  Throw: Boomerang         |       |     2 ||     2
    Use: Scroll            |     5 |     3 ||     8
         Potion            |     3 |       ||     3
 Armour: Scale mail        |    70 |    59 ||   129
  Dodge: Dodged            |    46 |    60 ||   106
  Block: Buckler           |    28 |    23 ||    51

Table legend:
 A = Non-vault XP
 B = Vault XP
 C = Vault XP percentage of total XP
 D = Non-vault monster count
 E = Vault monster count
 F = Vault count percentage of total count
                 A         B        C        D         E       F
            +---------+---------+-------+---------+---------+-------
      Total |     440 |     163 |  27.0 |      64 |       2 |   3.0
            +---------+---------+-------+---------+---------+-------
        D:1 |      38 |       0 |   0.0 |      26 |       0 |   0.0
        D:2 |      33 |       0 |   0.0 |      14 |       0 |   0.0
        D:3 |     112 |       0 |   0.0 |      18 |       0 |   0.0
        D:5 |      89 |       0 |   0.0 |       4 |       0 |   0.0
        D:6 |     168 |     163 |  49.2 |       2 |       2 |  50.0
            +---------+---------+-------+---------+---------+-------
